 Dungeon Crawl Stone Soup version 0.28.0-53-g5a82cb258f (webtiles) character file.

Game seed: 3590520384408583924

879 H0rd4k the Cudgeller (level 8, -2/59 HPs)
             Began as a Human Artificer on July 7, 2022.
             Slain by a gnoll
             ... wielding a +0 flail
              (7 damage)
             ... on level 5 of the Dungeon on July 8, 2022.
             The game lasted 00:09:51 (8653 turns).

H0rd4k the Cudgeller (Human Artificer)              Turns: 8653, Time: 00:09:52

Health: -2/59      AC:  9    Str: 13    XL:     8   Next: 25%
Magic:  8/8        EV: 12    Int: 14    God:
Gold:   136        SH:  0    Dex: 13    Spells: 7/7 levels left

rFire   . . .      SeeInvis .   a - +0 club
rCold   . . .      Faith    .   (no shield)
rNeg    . . .      Spirit   .   g - +3 ring mail
rPois   .          Reflect  .   (no helmet)
rElec   .          Harm     .   (no cloak)
rCorr   .          Rampage  .   i - +0 pair of gloves
Will    .....                   (no boots)
Stlth   +.........              (no amulet)
HPRegen 0.19/turn               (no ring)
MPRegen 0.11/turn               (no ring)

@: no status effects
A: no striking features
a: no special abilities


You were on level 5 of the Dungeon.
You visited 1 branch of the dungeon, and saw 6 of its levels.

You collected 136 gold pieces.

Inventory:

Hand Weapons
 a - a +0 club (weapon)
 d - a +1 dagger of holy wrath
Armour
 b - a +0 leather armour
 g - a +3 ring mail (worn)
 i - a +0 pair of gloves (worn)
Magical Staves
 j - a staff of conjuration
Jewellery
 c - an amulet of faith
Wands
 s - a wand of digging (9)
Scrolls
 f - a scroll of immolation {unknown}
 k - a scroll of noise {unknown}
 l - 5 scrolls of identify
 m - 2 scrolls of vulnerability
 r - a scroll of holy word {unknown}
Potions
 n - a potion of heal wounds
Miscellaneous
 e - a piece from Xom's chessboard (10/15)


   Skills:
 + Level 3.6 Fighting
 + Level 5.0 Maces & Flails
 - Level 2.0 Armour
 + Level 4.6 Dodging
 - Level 1.0 Stealth
 + Level 4.9 Evocations


You had 7 spell levels left.
You didn't know any spells.
Your spell library contained the following spells:

 Spells                   Type           Power      Damage    Failure   Level
 Summon Guardian Golem    Hex/Summ       0%         N/A       88%         3
 Tukima's Dance           Hex            0%         N/A       88%         3
 Animate Dead             Necr           0%         N/A       99%         4
 Passage of Golubria      Tloc           0%         N/A       99%         4
 Yara's Violent Unravell  Hex/Tmut       0%         3d3       100%        5
 Haunt                    Necr/Summ      0%         N/A       100%        7
 Orb of Destruction       Conj           0%         9d5       100%        7
 Spellforged Servitor     Conj/Summ      0%         N/A       100%        7
 Infestation              Necr           0%         N/A       100%        8


Dungeon Overview and Level Annotations

Branches:
Dungeon (6/15)
 Temple: D:4-7

Altars:
Cheibriados
Qazlal

Annotations:
D:2 exclusion: downstairs
D:3 exclusion: downstairs
D:4 exclusion: downstairs


Message History

You hit the gnoll shaman but do no damage.
The gnoll shaman closely misses you.
You barely miss the gnoll shaman.
The gnoll shaman calls upon its god to heal something.
The gnoll shaman misses you.
You barely miss the gnoll shaman. The gnoll shaman closely misses you.
You hit the gnoll shaman but do no damage.
The gnoll shaman hits you but does no damage.
You hit the gnoll shaman.
The gnoll shaman is lightly wounded.
The gnoll shaman barely misses you.
You barely miss the gnoll shaman.
The gnoll shaman is lightly wounded.
The gnoll shaman hits you with a +0 whip.
You hit the gnoll shaman.
The gnoll shaman is lightly wounded.
The gnoll shaman hits you with a +0 whip!
You barely miss the gnoll shaman.
The gnoll shaman is lightly wounded.
The gnoll shaman hits you with a +0 whip.
You hit the gnoll shaman but do no damage.
The gnoll shaman is lightly wounded.
The gnoll shaman hits you with a +0 whip.
It was a potion of magic.
Magic courses through your body.
The gnoll shaman hits you with a +0 whip.
The gnoll shaman invokes the aid of its god against you.
You resist with some effort. The gnoll hits you with a +0 flail!
The gnoll closely misses you. The gnoll closely misses you.
The gnoll hits you with a +0 flail.
The gnoll is no longer moving quickly.
The gnoll hits you but does no damage.
The gnoll shaman calls upon its god to speed up the gnoll.
The gnoll seems to speed up.
The gnoll hits you with a +0 flail!
* * * LOW HITPOINT WARNING * * *
The gnoll hits you with a +0 flail!
* * * LOW HITPOINT WARNING * * *
The gnoll hits you with a +0 flail!
You die...

###...#.....#.....#.#...........
#....##........##.###......##...
#.............#.....##....##....
##............#.........#.....##
#..........#..........##.##..##
###........#........####.##..#
#...##.)...................##
##.#...............#......>..
#####........g@....###.#......#
#.....................##......#
#.........................)..).
#....................<..#..#.##
##.......##.........#...##.....
######.###........##...##..##.
### ##..#...#############
######## # #


You could see a gnoll (fast).

Vanquished Creatures
  A water moccasin (D:5)
  An ogre (D:5)
  A scorpion (D:4)
  2 hounds
  A jelly (D:4)
  2 iguanas (D:5)
  2 orc wizards (D:5)
  A hound skeleton (D:4)
  11 adders
  A white imp (D:5)
  A worm (D:2)
  3 dart slugs
  2 orcs (D:5)
  6 ball pythons
  8 bats
  5 endoplasms
  2 giant cockroaches (D:2)
  15 goblins
  8 hobgoblins
  2 quokkas
  4 frilled lizards
  9 kobolds
  6 rats
94 creatures vanquished.

Vanquished Creatures (collateral kills)
  A sky beast (D:5)
  An ogre (D:4)
  A phantom (D:5)
  A hobgoblin (D:3)
  A ball python (D:4)
  3 kobolds (D:6)
8 creatures vanquished.

Vanquished Creatures (others)
  Robin (D:3)
  2 adders
  A kobold (D:1)
  6 plants (D:2)
10 creatures vanquished.

Grand Total: 112 creatures vanquished

Notes
Turn   | Place    | Note
-------+----------+-------------------------------------------
     0 | D:1      | H0rd4k the Human Artificer began the quest for the Orb.
     0 | D:1      | Reached XP level 1. HP: 15/15 MP: 1/1
   476 | D:1      | Reached XP level 2. HP: 2/21 MP: 2/2
   971 | D:1      | Found a faded altar of an unknown god.
  1570 | D:1      | Reached XP level 3. HP: 19/26 MP: 3/3
  2572 | D:2      | Reached XP level 4. HP: 18/32 MP: 4/4
  3318 | D:3      | Found a stormy altar of Qazlal.
  3467 | D:3      | Reached skill level 1 in Maces & Flails
  3689 | D:3      | Noticed Robin
  4523 | D:3      | Your ally Robin died
  4531 | D:3      | Reached XP level 5. HP: 36/38 MP: 5/5
  4968 | D:4      | Noticed a phantom
  5034 | D:4      | Reached skill level 2 in Maces & Flails
  5309 | D:4      | Reached XP level 6. HP: 28/45 MP: 6/6
  5498 | D:4      | Noticed an ogre
  5531 | D:4      | Killed an ogre
  5532 | D:4      | Reached skill level 3 in Maces & Flails
  5829 | D:5      | Entered Level 5 of the Dungeon
  5836 | D:5      | Found a snail-covered altar of Cheibriados.
  5851 | D:5      | Noticed a sky beast
  5914 | D:5      | Reached XP level 7. HP: 36/51 MP: 7/7
  5926 | D:5      | Reached skill level 4 in Maces & Flails
  7725 | D:5      | Reached XP level 8. HP: 11/58 MP: 8/8
  8425 | D:5      | Reached skill level 5 in Maces & Flails
  8653 | D:5      | Slain by a gnoll

Illustrated notes

Levels and vault maps discovered:
D:1:      shiori_arrival_oz, layout_basic,
          hellmonk_ecumenical_altar_heavens_door
D:2:      layout_loops_ring, serial_forest, infiniplex_forest_lined_room_2,
          infiniplex_forest_end_1, infiniplex_forest_zigzag_1,
          infiniplex_forest_lined_corner, infiniplex_forest_clump_double,
          infiniplex_forest_clump_diagonal
D:3:      layout_basic, nicolae_qazlal_scattered_showers, uniq_robin
D:4:      layout_basic, minmay_misc_feat_tiny, grunt_ministairs_13
D:5:      layout_cave_pools, nicolae_overflow_crystal_walls,
          minmay_quadrilaterals
D:6:      layout_loops_ring, minmay_temple_entry_tees

Skill      XL: |  1  2  3  4  5  6  7  8 |
---------------+-------------------------+-----
Evocations     | 4 |  4.9
Maces & Flails | 1 2 3 4 5 |  5.0
Dodging        | 2 3 4 |  4.6
Fighting       | 2 3 |  3.6
Armour         | |  2.0
Stealth        | |  1.0

Action                   |  1- 3 |  4- 6 |  7- 9 || total
-------------------------+-------+-------+-------++-------
Melee: Club              |   130 |   294 |   325 ||   749
       Punch             |     1 |     5 |     8 ||    14
Evoke: Wand              |     4 |    22 |     4 ||    30
       Piece from Xom's  |       |       |     6 ||     6
  Use: Potion            |       |       |     7 ||     7
       Scroll            |       |       |     2 ||     2
 Stab: Paralysed         |       |       |    13 ||    13
       Betrayed ally     |       |       |     1 ||     1
Armor: Leather armour    |    28 |       |       ||    28
       Ring mail         |    22 |   182 |   107 ||   311
       Skin              |       |       |    61 ||    61
Dodge: Dodged            |   100 |   189 |   147 ||   436
